 Dungeon Crawl Stone Soup version 0.15-a0-183-gc0cdb55 (webtiles) character file.

1779 PolkaDot the Jinx (level 8, -1/52 HPs)
             Began as a Vampire Enchanter on Apr 20, 2014.
             Was an Initiate of Ashenzari.
             Slain by Blork the orc
             ... wielding a +0,+0 dire flail
              (2 damage)
             ... on Level 6 of the Dungeon.
             The game lasted 00:35:58 (7901 turns).

PolkaDot the Jinx (Vampire Enchanter)               Turns: 7901, Time: 00:35:58

HP  -1/52        AC  8     Str  7      XL: 8   Next: 49%
MP  19/20        EV 13     Int 20      God: Ashenzari [......]
Gold 310         SH  0     Dex 16      Spells:  6 memorised,  4 levels left

rFire  . . .     SeeInvis +     f - +0 cutlass
rCold  + + .     Clarity  .     b - +2 robe
rNeg   + + +     Conserve .     (no shield)
rPois  +         rCorr    .     (no helmet)
rElec  .         rRot     +     (no cloak)
SustAb . .       Spirit   .     w - +1 pair of gloves
rMut   .         Warding  .     (no boots)
Saprov . . .     Stasis   .     (no amulet)
MR     .....                    n - +3 ring of intelligence
                                g - +2 ring of protection

@: non-regenerating, not resistant to hostile enchantments, extremely stealthy
A: bottle blood, fangs 3, see invisible, unbreathing
a: Bat Form, Bottle Blood, Renounce Religion


You were on level 6 of the Dungeon.
You worshipped Ashenzari.
Ashenzari was noncommittal.
You were bloodless.

You visited 2 branches of the dungeon, and saw 7 of its levels.

You collected 310 gold pieces.

Inventory:

Hand weapons
 f - a +0,+0 cutlass (weapon)
Missiles
 d - 12 darts (quivered)
Armour
 b - a +2 robe (worn)
 w - a +1 pair of gloves (worn)
Magical devices
 r - a wand of digging (24)
 t - a wand of draining (4)
 y - a wand of fireball (4)
Scrolls
 a - a scroll of teleportation
 h - a scroll of enchant weapon I
 i - a scroll of amnesia
 j - a scroll of remove curse
 p - a scroll of random uselessness
 v - a scroll of fog
Jewellery
 g - a +2 ring of protection (left hand)
 n - a +3 ring of intelligence (right hand)
Potions
 k - a potion of curing
 m - 6 potions of restore abilities
Books
 c - a book of Maledictions

   Spells                             Type                      Level
   *Corona                            Hexes                        1
   *Sure Blade                        Hexes/Charms                 2
   *Ensorcelled Hibernation           Hexes/Ice                    2
   *Confuse                           Hexes                        3
   *Dazzling Spray                    Conjuration/Hexes            3
   Enslavement                        Hexes                        4
 e - a book of Minor Magic

   Spells                             Type                      Level
   Magic Dart                         Conjuration                  1
   *Blink                             Translocation                2
   Call Imp                           Summoning                    2
   Repel Missiles                     Charms/Air                   2
   Slow                               Hexes                        2
   Conjure Flame                      Conjuration/Fire             3
   Mephitic Cloud                     Conjuration/Poison/Air       3


   Skills:
 - Level 2.1 Short Blades
 - Level 1.0 Throwing
 - Level 2.2 Dodging
 + Level 8.7 Stealth
 * Level 5.0 Spellcasting
 + Level 11.2 Hexes


You had 4 spell levels left.
You knew the following spells:

 Your Spells              Type           Power        Failure   Level  Hunger
a - Corona                Hex            #####..      1%          1    None
b - Sure Blade            Hex/Chrm       ####......   1%          2    None
c - Confuse               Hex            #####...     1%          3    ##.....
d - Ensorcelled Hibernat  Hex/Ice        ####..       1%          2    None
q - Blink                 Tloc           N/A          21%         2    None
s - Dazzling Spray        Conj/Hex       ####....     4%          3    ##.....


Dungeon Overview and Level Annotations

Branches:
Dungeon (6/15)             Temple (1/1) D:6

Altars:
Ashenzari
Elyvilon
Fedhas
Kikubaaqudgha
Makhleb
Nemelex Xobeh
Okawaru
Sif Muna
Trog
Vehumet
Xom
Yredelemnul
Zin

Annotations:
D:5 satsukimygoddess' ghost, experienced DrCj
D:6 Blork the orc; Menkaure


Innate Abilities, Weirdness & Mutations

You do not heal naturally.
You can bottle blood from corpses.
You have razor-sharp teeth.*
You have supernaturally acute eyesight.
You can survive without breathing.*


Message History

Aiming: Ensorcelled Hibernation
Press: ? - help, Shift-Dir - straight line, f - Blork the orc
Aim: Blork the orc, wielding a dire flail and wearing an embroidered robe Blork the orc looks drowsy...
Menkaure hits you!
* * * LOW HITPOINT WARNING * * *
The helpless Blork the orc fails to defend himself.
You bite Blork the orc, and draw his blood!
You feel better.
You feel slightly less thirsty.
You impale Blork the orc!!
Blork the orc is severely wounded.
Blork the orc hits you with a dire flail.
* * * LOW HITPOINT WARNING * * *
Menkaure closely misses you.
Read which item? (? for menu, Esc to quit)
Okay, then.
Drink which item? (? for menu, Esc to quit)
Okay, then.
Blork the orc screams, "I'll eat your brain!
And then I'll vomit it back up!"
Menkaure rustles, "Let me perform the rites..."
Blork the orc hits you with a dire flail.
You die...

*,.........##
*,,........##
*,..........#
*,..........#
*,..........#
*,..........#
*,........M##
**........o.#
*,......§§@##
**......§§§§#
**,......§..#
*,..........#
**.........##
*#.........#
**##........#
*,.......(..#
*...........#


You could see Blork the orc and Menkaure.

Vanquished Creatures
  Grinder (D:6)
  Eustachio (D:6)
  A sky beast (D:5)
  An ice beast (D:5)
  An ogre (D:6)
  2 scorpions
  A big fish (D:4)
  3 orc wizards
  2 hounds (D:4)
  2 orc priests (D:5)
  An iguana (D:4)
  5 worker ants
  9 adders
  6 gnolls
  3 giant mites
  2 shadow imps (D:5)
  An inept item mimic (D:5)
  2 worms
  An iguana skeleton (D:6)
  3 giant eyeballs
  4 giant geckos
  3 oozes
  15 orcs
  4 giant cockroaches
  14 hobgoblins
  8 jackals
  9 kobolds
  2 ball pythons (D:3)
  10 bats
  6 giant newts
  14 goblins
  A hobgoblin skeleton (D:4)
  An orc skeleton (D:6)
  4 quokkas
  17 rats
  A rat skeleton (D:4)
161 creatures vanquished.

Vanquished Creatures (others)
  Ijyb (D:4)
1 creature vanquished.

Grand Total: 162 creatures vanquished

Notes
Turn   | Place    | Note
--------------------------------------------------------------
     0 | D:1      | PolkaDot, the Vampire Enchanter, began the quest for the Orb.
     0 | D:1      | Reached XP level 1. HP: 13/13 MP: 3/3
    26 | D:1      | Reached skill level 1 in Throwing
   173 | D:1      | Reached XP level 2. HP: 8/19 MP: 4/4
   225 | D:1      | Learned a level 2 spell: Ensorcelled Hibernation
   390 | D:1      | Learned a level 2 spell: Sure Blade
   394 | D:1      | Reached skill level 5 in Hexes
   641 | D:1      | Reached XP level 3. HP: 13/24 MP: 0/6
  1329 | D:2      | Found an iron altar of Okawaru.
  1582 | D:2      | Found a sparkling altar of Nemelex Xobeh.
  1654 | D:2      | Reached skill level 6 in Hexes
  1654 | D:2      | Reached XP level 4. HP: 16/30 MP: 0/7
  2443 | D:3      | Reached XP level 5. HP: 30/35 MP: 6/9
  2446 | D:3      | Reached skill level 5 in Stealth
  2448 | D:3      | Reached skill level 7 in Hexes
  2546 | D:3      | Learned a level 3 spell: Confuse
  2599 | D:3      | Found a shimmering altar of Xom.
  3355 | D:4      | Killed Ijyb
  3432 | D:4      | Got a bloodstained robe
  3573 | D:4      | Found a white marble altar of Elyvilon.
  3666 | D:4      | Reached XP level 6. HP: 29/41 MP: 0/11
  3967 | D:4      | Reached skill level 8 in Hexes
  4288 | D:4      | Identified the +0 robe of Qoenucul {Str-3 Dex-3 Acc+2} (You found it on level 4 of the Dungeon)
  4527 | D:4      | Found a blossoming altar of Fedhas.
  4531 | D:4      | Learned a level 2 spell: Blink
  4940 | D:5      | Entered Level 5 of the Dungeon
  4940 | D:5      | Noticed satsukimygoddess' ghost (experienced DrCj)
  5138 | D:5      | Found an iron altar of Okawaru.
  5472 | D:5      | Reached skill level 9 in Hexes
  5472 | D:5      | Reached XP level 7. HP: 39/42 MP: 3/14
  5859 | D:5      | Reached skill level 10 in Hexes
  6089 | D:5      | Learned a level 3 spell: Dazzling Spray
  6541 | D:5      | Found a bloodstained altar of Trog.
  6924 | D:6      | Reached XP level 8. HP: 32/52 MP: 17/17
  6974 | D:6      | Noticed Eustachio
  7145 | D:6      | Found a staircase to the Ecumenical Temple.
  7163 | Temple   | Entered the Ecumenical Temple
  7215 | Temple   | Became a worshipper of Ashenzari the Shackled
  7488 | D:6      | Killed Eustachio
  7565 | D:6      | Noticed Grinder
  7595 | D:6      | Killed Grinder
  7595 | D:6      | Reached skill level 11 in Hexes
  7612 | D:6      | Noticed Blork the orc
  7614 | D:6      | Noticed Menkaure
  7823 | D:6      | Reached skill level 5 in Spellcasting
  7896 | D:6      | HP: 1/52 [Blork the orc/dire flail (6)]
  7901 | D:6      | Slain by Blork the orc

Action                   |  1- 3 |  4- 6 |  7- 9 || total
-------------------------+-------+-------+-------++-------
Melee: Dagger            |   113 |   173 |    28 ||   314
       Short sword       |    19 |       |    89 ||   108
       Cutlass           |       |       |    43 ||    43
 Cast: Corona            |     4 |     2 |     2 ||     8
       Sure Blade        |     8 |       |       ||     8
       Ensorcelled Hiber |    14 |    68 |    25 ||   107
       Confuse           |       |     3 |    16 ||    19
 Abil: End Transformatio |       |       |     1 ||     1
       Bat Form          |       |       |     1 ||     1
Evoke: Wand              |     1 |     2 |       ||     3
  Use: Potion            |     2 |     6 |     3 ||    11
       Scroll            |     3 |    14 |     5 ||    22
 Stab: Sleeping          |    13 |    56 |    26 ||    95
       Distracted        |     2 |       |       ||     2
       Confused          |       |       |     2 ||     2
